[Event "Khanty-Mansiysk FIDE GP (Women)"]
[Site "Khanty-Mansiysk"]
[Date "2014.04.15"]
[Round "6"]
[White "Stefanova, Antoaneta"]
[Black "Hou, Yifan"]
[Result "1/2-1/2"]
[ECO "A50"]
[WhiteElo "2489"]
[BlackElo "2618"]
[Annotator "ChessBase Website"]
[PlyCount "119"]
[EventDate "2014.04.09"]
[EventType "tourn"]
[EventRounds "11"]
[EventCountry "RUS"]
[EventCategory "10"]
[SourceTitle "CBM 160"]
[Source "ChessBase"]
[SourceDate "2014.05.15"]
[SourceVersion "1"]
[SourceVersionDate "2014.05.15"]
[SourceQuality "1"]
[TimeControl "40/5400+30:1800+30"]
[WhiteClock "1:30:00"]
[BlackClock "1:30:00"]

1. d4 e6 2. c4 b6 3. a3 Bb7 4. Nc3 Nf6 5. d5 Bd6 6. Nf3 O-O 7. g3 c6 (7...
Ba6 8. dxe6 dxe6 9. Nb5 Bb7 10. Bg2 a6 11. Nxd6 cxd6 12. Bg5 Nc6 13. O-O Rc8
14. b4 h6 15. Bh4 Qe7 16. Qd2 Rfd8 17. Qe3 Rb8 18. Bxf6 Qxf6 19. Rad1 Ne7 20.
Rd2 Ng6 21. Rfd1 Bxf3 22. exf3 Ne5 23. Rd4 b5 24. cxb5 axb5 25. Rxd6 Rxd6 26.
Rxd6 Nc4 27. Qa7 Qa1+ 28. Bf1 Rc8 29. Rd3 Ne5 30. Re3 Rc1 31. Qb8+ Kh7 32. Qxb5
Nc4 33. Re1 Rxe1 34. Qxc4 Qxa3 35. Kg2 Qc1 36. Qd3+ f5 37. b5 {Gupta,A (2630)
-Kotsur,P (2557) Dubai 2014 1-0}) 8. Bg2 cxd5 9. cxd5 exd5 10. Nh4 Be5 11. Nxd5 Nxd5 12. Bxd5 Bxd5 13. Qxd5 Nc6 14. Nf3 Bf6 15. O-O $146 (15. Bg5 Re8 16. Rd1 Qe7 17. Rd2 h6 18. Bxf6 Qxf6 19. O-O Re6 20. Kg2 Rae8
21. e3 R8e7 22. Rfd1 g5 23. h3 Re4 24. b4 a6 25. Rc1 b5 26. Rc5 Kg7 27. Qd3 Rc4
28. Qd5 Rxc5 29. Qxc5 Qe6 30. Nd4 Nxd4 31. Qxd4+ f6 32. Rc2 Kf7 33. Rc5 Qe4+
34. Qxe4 Rxe4 35. Kf3 Re6 36. Rd5 Ke7 37. Kg4 Rc6 38. Rd3 Rc2 39. f4 Rg2 40. h4
gxh4 41. Kxh4 f5 42. Kh3 Rg1 43. Kh2 Re1 44. Kg2 Ke6 {Neunhoeffer,H (2284)
-Gellendin,I Germany 2008 1/2-1/2}) 15... Re8 16. Re1 Rc8 17. Bg5 Bxg5 18. Nxg5 Qf6 {[%emt 0:11:52][%csl Rf6,Rf7] Probably the
worst position Hou Yifan has had all tournament, she found herself in a
slightly uncomfortable endgame as her isolated pawn was a minor weakness.
However it wasn't easy to exploit and the game ended in a drawn king endgame.}
19. Ne4 Qe6 20. Qxe6 Rxe6 21. Nc3 g6 22. Red1 Ne5 23. Rab1 a6 24.
Kg2 Kf8 25. e3 Nc4 26. Ne2 Rd6 27. Nd4 Rc5 28. a4 Ne5 29. b4 Rc4 30. Rdc1 Rxc1 31. Rxc1 Nc6 32. Rc4 Nxd4 33. Rxd4 Rxd4 34. exd4 Ke7 35. Kf3 Ke6 36. Ke4 f5+ 37. Kd3 g5 38. h3 h5 39. Kc4 g4 40. hxg4 hxg4 41.
a5 bxa5 42. bxa5 Kd6 43. d5 Ke5 44. Kc5 Ke4 45. Kd6 Kd4 46.
Kxd7 Kxd5 47. Ke7 f4 48. Kf6 fxg3 49. fxg3 Kc5 50. Kf5 Kb5 51. Kxg4 Kxa5 52. Kf5 Kb4 53. g4 a5 54. g5 a4 55. g6 a3 56. g7 a2 57. g8=Q a1=Q 58. Qb8+ Ka3 59. Qa7+ Kb2 60. Qxa1+ 1/2-1/2

[Event "Cappelle op 32nd"]
[Site "Cappelle la Grande"]
[Date "2016.02.13"]
[Round "1"]
[White "Grinev, Valeriy"]
[Black "Berkes, Ferenc"]
[Result "0-1"]
[ECO "A50"]
[WhiteElo "2403"]
[BlackElo "2649"]
[Annotator "Primel,D"]
[PlyCount "196"]
[EventDate "2016.02.13"]
[EventType "swiss"]
[EventRounds "9"]
[EventCountry "FRA"]
[SourceTitle "EXT 2017"]
[Source "ChessBase"]
[SourceDate "2016.10.25"]
[SourceVersion "1"]
[SourceVersionDate "2016.10.25"]
[SourceQuality "1"]
[TimeControl "40/5400+30:1800+30"]
[WhiteClock "1:30:00"]
[BlackClock "1:30:00"]

1. d4 Nf6 2. c4 b6 3. Nc3 Bb7 4. d5 e6 5. a3 Bd6 6. Nf3 O-O 7. e4 (7. g3 Ba6 8.
dxe6 dxe6 9. Nb5 Bb7 10. Bg2 a6 11. Nxd6 cxd6 12. Bg5 Nc6 13. O-O Rc8 14. b4 h6
15. Bh4 Qe7 16. Qd2 Rfd8 17. Qe3 Rb8 18. Bxf6 Qxf6 19. Rad1 Ne7 20. Rd2 Ng6 21.
Rfd1 Bxf3 22. exf3 Ne5 23. Rd4 b5 24. cxb5 axb5 25. Rxd6 Rxd6 26. Rxd6 Nc4 27.
Qa7 Qa1+ 28. Bf1 Rc8 29. Rd3 Ne5 30. Re3 Rc1 31. Qb8+ Kh7 32. Qxb5 Nc4 33. Re1
Rxe1 34. Qxc4 Qxa3 35. Kg2 Qc1 36. Qd3+ f5 {Gupta,A (2630)-Kotsur,P (2557)
Dubai 2014 1-0}) 7... exd5 8. exd5 c6 9. Be2 Re8 10. O-O Na6 11. Bg5 Nc7 12.
Qd2 cxd5 $146 (12... h6 13. Bh4 cxd5 14. cxd5 a6 15. Rfe1 b5 16. Nd4 b4 17.
axb4 Bxb4 18. Bf3 Rxe1+ 19. Rxe1 Bxd5 20. Nf5 Bxf3 21. gxf3 Ncd5 22. Kh1 Nxc3
23. Rg1 g6 24. Qxh6 {1-0 (24) Davies,N (2497)-Baburin,A (2597) Birmingham 2000}
) 13. cxd5 Rc8 14. Rad1 Bf8 15. Rfe1 d6 16. Qd4 Be7 17. Bc4 Nd7 18. Bxe7 Rxe7
19. Ba2 Nf6 20. h3 Rxe1+ 21. Rxe1 Qd7 22. Nh4 Re8 23. Rxe8+ Ncxe8 24. Qd3 g6
25. Nf3 Qe7 26. Qd4 Nc7 27. Nd2 Bc8 28. Nde4 Nce8 29. Bc4 Bf5 30. Nxf6+ Nxf6
31. f4 Qe1+ 32. Kh2 Ne4 33. Nxe4 Bxe4 34. b4 h5 35. Bd3 Bxd3 36. Qxd3 h4 $36 37. Qf3 (37. Qa6 ) 37... a5 38. bxa5 bxa5
39. Qb3 Kh7 40. a4 Qe4 41. Qb5 Qxf4+ 42. Kh1 Qd2 43. Kh2 Kg7 44. Qc6 Qb4 45.
Qd7 Qc5 46. Qb5 Qc3 47. Qc6 Qe5+ 48. Kh1 g5 49. Qc4 Kf6 50. Qf1+ Qf4 51. Qb5
Qc1+ 52. Kh2 Qd2 53. Qc6 Qf4+ 54. Kh1 Qb4 55. Qe8 Kg7 56. Qe7 Kg6 57. Qe8 Qd4
58. Qb5 Qa1+ 59. Kh2 Qe5+ 60. Kh1 Qe1+ 61. Kh2 Kf6 62. Qc6 Qb4 63. Qe8 Qc5 64.
Qd8+ Kf5 65. Qd7+ Kg6 66. Qb5 Qc3 67. Qb1+ f5 68. Qb5 Qe5+ 69. Kh1 Qe1+ 70. Kh2
g4 71. hxg4 fxg4 72. Qd7 Qe5+ 73. Kh1 Kg5 74. Qd8+ Qf6 75. Qg8+ Kf4 76. Kh2 Qf5
77. Qb8 Qxd5 78. Qf8+ Ke3 79. Qd8 Qe5+ 80. Kh1 g3 81. Qb6+ Ke2 82. Qb1 Kd2 83.
Qa2+ Kc3 84. Qa1+ Kb4 85. Qd4+ Kb3 86. Qd1+ Ka3 87. Qd3+ Kxa4 88. Qc4+ Ka3 89.
Qd3+ Kb4 90. Qd4+ Kb5 91. Qd3+ Kb6 92. Qd4+ Kb7 93. Qd1 a4 94. Qb1+ Kc8 95.
Qc1+ Kd8 96. Qf1 h3 97. Qf8+ Kc7 98. Qf1 Qe4 0-1

[Event "Cappelle op 32nd"]
[Site "Cappelle la Grande"]
[Date "2016.02.20"]
[Round "9"]
[White "Bauer, Christian"]
[Black "Moussard, Jules"]
[Result "1-0"]
[ECO "A50"]
[WhiteElo "2631"]
[BlackElo "2487"]
[Annotator "Primel,D"]
[PlyCount "81"]
[EventDate "2016.02.13"]
[EventType "swiss"]
[EventRounds "9"]
[EventCountry "FRA"]
[SourceTitle "EXT 2017"]
[Source "ChessBase"]
[SourceDate "2016.10.25"]
[SourceVersion "1"]
[SourceVersionDate "2016.10.25"]
[SourceQuality "1"]
[TimeControl "40/5400+30:1800+30"]
[WhiteClock "0:31:08"]
[BlackClock "0:43:50"]

1. d4 Nf6 2. c4 b6 {Un choix douteux car le GMI aime ce genre de position
sortant des sentiers battus de la théorie} 3. Nc3 Bb7 4. Qc2 d5 5. cxd5 Nxd5
6. Nf3 g6 (6... Nxc3 7. bxc3 g6 8. h4 Bg7 9. h5 c5 10. e3 Qc7 11. Bc4 e6 12.
Bb2 Nc6 13. dxc5 bxc5 14. O-O-O Ke7 15. Ng5 Ne5 16. Be2 Bf6 17. f4 Bxg5 18.
fxg5 Rhb8 19. hxg6 hxg6 20. c4 Bxg2 21. Rh7 Rxb2 22. Qxb2 Be4 23. Qc3 Rb8 24.
Kd2 Rd8+ 25. Kc1 Rb8 26. Kd2 Rd8+ 27. Kc1 {1/2-1/2 (27) Vitiugov,N (2721)
-Romanov,E (2617) Tallinn 2016}) 7. e4 Nxc3 8. bxc3 Bg7 9. Bb5+ Nd7 10. O-O O-O
11. Bg5 h6 12. Bh4 $146 (12. Be3 e6 13. Rad1 Qe7 14. Rfe1 Nf6 15. Bd3 c5 16.
Bc1 Rac8 17. Ba3 Qc7 18. Qe2 Rfd8 19. Bb2 b5 20. g3 a5 21. e5 Nd5 22. Bxb5 cxd4
23. cxd4 Nc3 24. Bxc3 Qxc3 25. Rd3 Qb4 26. a4 Bxf3 27. Rxf3 Rxd4 28. Kg2 Qc5
29. Re3 Rcd8 30. Qf3 R4d5 31. Qf4 g5 32. Qc4 Qa7 33. h4 Rd4 34. Qc6 gxh4 35.
gxh4 Rxh4 36. Rg3 Qd4 37. Qf3 Rf4 38. Qe3 Qxe3 39. Rgxe3 Rdd4 40. Rf3 Rfe4 41.
Rxe4 Rxe4 {Nestorovic,D (2390)-Predojevic,B (2637) Sarajevo 2012 1/2-1/2})
12... Nf6 13. Rfe1 $14 a6 14. Bf1 Nh5 15. Rab1 Qd7 16. a4 a5
17. Bb5 Qg4 18. h3 Qe6 19. d5 Qd6 20. Rbd1 Qc5 21. e5 Bxd5 22. Bxe7 Qxe7 23.
Rxd5 Rad8 24. Rd4 c6 $6 (24... Rxd4) 25. Bxc6 Qc5 26. Qe4 Qxc3 27. Rc4 Qb3 28.
g4 f5 29. Qc2 Qxc2 30. Rxc2 Nf4 31. e6 Nxh3+ 32. Kh2 fxg4 33. e7 Rd3 34. Be4
Rd6 35. exf8=Q+ Kxf8 36. Rc8+ Kf7 37. Rc7+ Kg8 38. Bb7 Rd8 39. Nh4 Bf8 40. Rc8
Rxc8 41. Bxc8 1-0